Workbook

Sheet ГП-101
L1: Приложение №1
L2: к Дополнительному соглашению №1
L3: к Договору подряда №01033-ИДК25 от 01.03.2025
B5: ПОДРЯДЧИК: | C5: ТЕХНИЧЕСКИЙ ЗАКАЗЧИК: | J5: ЗАКАЗЧИК:
B6: Индивидуальный предприниматель | C6: ООО ТЗ ЭНКО | J6: ООО ИДК ЭНКО
B7: ИП Беспрозванных А.П.
B9: ______________/А. П. Беспрозванных | C9: _____________/С.И. Ярков | J9: _________________/С.И. Ярков
A12: Локальный сметный расчет №1-1
A13: ГП-101
A15: № | B15: Наименование | C15: Характеристика | D15: Ед. изм. | E15: Норма расхода | F15: Толщина, (мм) | G15: секция 1 | H15: Кол-во | I15: Цена за ед. | J15: Сумма | K15: Примечание | L15: Форма закупа материала
A16: 03 | B16: Каркас
A17: 03.02. | B17: Устройство заполнения стен
A18: 03.02.00. | B18: Машины и механизмы
A19: 03.02.00.00. | B19: Машины и механизмы | J19: =J20 -> 3528000
B20: Работа: | J20: =SUM(J21) -> 3528000
B21: Услуги по подъему и перепещению грузов автокраном | D21: маш/час | H21: 1200 | I21: 2940 | J21: =I21*H21 -> 3528000 | K21: точное кол-во маш/час по фактически отработанному времени
B22: Материалы:
B23: -
A24: 03.02.01. | B24: Кладка наружных и внутренних стен из блока толщ. 250мм,190мм,90мм, кладка стен из кирпича, монтаж перемычек, кладка вентканалов
A25: 03.02.01.01. | B25: 1 этаж | J25: =J26+J35 -> 963436.3
B26: Работа: | J26: =SUM(J27:J34) -> 705490.63
B27: Кладка стен из керамзитобетонного блока толщ. 250 мм армированных | D27: м3 | G27: 33.14 | H27: =SUM(G27:G27) -> 33.14 | I27: 4939 | J27: =I27*H27 -> 163678.46
B28: Кладка перегородок из керамзитобетонного блока пустотелого толщ. 190 мм армированных | D28: м2 | G28: 155.68 | H28: =SUM(G28:G28) -> 155.68 | I28: 1461 | J28: =I28*H28 -> 227448.48
B29: Кладка перегородок из керамзитобетонного блока полнотелого толщ. 190 мм армированных | D29: м2 | G29: 118.24 | H29: =SUM(G29:G29) -> 118.24 | I29: 1461 | J29: =I29*H29 -> 172748.64
B30: Кладка перегородок из кирпича армированных | D30: м2 | G30: 69.93 | H30: =SUM(G30:G30) -> 69.93 | I30: 1610 | J30: =I30*H30 -> 112587.3
B31: Монтаж перемычек керамзитобетонных и ж/б | D31: шт | G31: 21 | H31: =SUM(G31:G31) -> 21 | I31: 803 | J31: =I31*H31 -> 16863
B32: Монтаж и изготовление металлических элементов | C32: перемычки из уголка | D32: кг | G32: 126.33 | H32: =SUM(G32:G32) -> 126.33 | I32: 94.5 | J32: =I32*H32 -> 11938.185
B33: Устройство перемычек из стержней арматуры (3-4 стержня на проем, в зависимости от толщины кладки) | D33: кг | G33: 1.92 | H33: =SUM(G33:G33) -> 1.92 | I33: 118 | J33: =I33*H33 -> 226.56
B34: Зачеканка шва раствором | D34: м3 | G34: =139.13*0.06*0.03 -> 0.250434 | H34: =SUM(G34:G34) -> 0.250434 | K34: для просчета объема раствора
B35: Материалы: | J35: =SUM(J36:J56) -> 257945.68
B36: Блоки керамзитобетонные тип 1 | C36: толщ.250мм, пустотелые по прочности не ниже М35 | D36: шт. | E36: 12.4 | F36: 0.25 | G36: =G27/0.25*E36 -> 1643.744 | H36: =SUM(G36:G36) -> 1643.744 | I36: 0 | J36: =H36*I36 -> 0 | K36: на м2 | L36: Закуп ЭНКО Давальческий
B37: Блоки керамзитобетонные тип 2 | C37: толщ.190мм, пустотелые по прочности не ниже М35 | D37: шт. | E37: 12.4 | G37: =G28*E37 -> 1930.432 | H37: =SUM(G37:G37) -> 1930.432 | I37: 0 | J37: =H37*I37 -> 0 | K37: на м2 | L37: Закуп ЭНКО Давальческий
B38: Блоки керамзитобетонные тип 3 | C38: толщ.190мм, полнотелые по прочности не ниже М35 | D38: шт. | E38: 12.4 | G38: =G29*E38 -> 1466.176 | H38: =SUM(G38:G38) -> 1466.176 | I38: 0 | J38: =H38*I38 -> 0 | K38: на м2 | L38: Закуп ЭНКО Давальческий
B39: Кирпич керамический тип 1 | C39: полуторный М150 пустотелый | D39: шт. | E39: 42 | G39: =G30*E39 -> 2937.06 | H39: =SUM(G39:G39) -> 2937.06 | I39: 0 | J39: =H39*I39 -> 0 | K39: расход, подтвержденный актом о фактическом расходе материала | L39: Закуп ЭНКО Давальческий
B40: Раствор тип 1 На кладку блок | C40: М75 | D40: м3 | E40: 0.195 | G40: =G27*E40+G28*E40*0.19+G29*E40*0.19 -> 16.611036 | H40: =SUM(G40:G40) -> 16.611036 | I40: 7875 | J40: =H40*I40 -> 130811.91 | K40: на м3 | L40: закуп подрядчика
B41: Раствор тип 1 На кладку кирпич (перегородки) | C41: М75 | D41: м3 | E41: 0.046 | G41: =G30*E41 -> 3.21678 | H41: =SUM(G41:G41) -> 3.21678 | I41: 7875 | J41: =H41*I41 -> 25332.143 | K41: на м2, расход, подтвержденный актом о фактическом расходе материала | L41: закуп подрядчика
B42: Раствор тип 1 На заполнение швов | C42: М75 | D42: м3 | E42: 1.01 | G42: =G34*E42 -> 0.25293834 | H42: =SUM(G42:G42) -> 0.25293834 | I42: 7875 | J42: =H42*I42 -> 1991.8894 | K42: на м3 | L42: закуп подрядчика
B43: Раствор тип 1 На перемычки керамзитобетонных и ж/б | C43: М75 | D43: м3 | E43: 0.006 | G43: =G32*E43 -> 0.75798 | H43: =SUM(G43:G43) -> 0.75798 | I43: 7875 | J43: =H43*I43 -> 5969.0925 | K43: увеличили норму из-за замены перемычек на широкие | L43: закуп подрядчика
B44: Раствор тип 1 На перемычки из стержней арматуру | C44: М75 | D44: м3 | E44: 1.01 | G44: 0.004 | H44: =SUM(G44:G44) -> 0.004 | I44: 7875 | J44: =H44*I44 -> 31.5 | L44: закуп подрядчика
B45: Сетка кладочная | C45: Ø3 Вр-1 яч. 50х50 по ТУ2 | D45: м2 | G45: 256.29 | H45: =SUM(G45:G45) -> 256.29 | I45: 88.34 | J45: =H45*I45 -> 22640.659 | L45: закуп подрядчика
B46: Перемычка тип 1 | C46: ПБК-19.12.14-8 | D46: шт. | G46: 2 | H46: =SUM(G46:G46) -> 2 | I46: 845.25 | J46: =H46*I46 -> 1690.5 | L46: закуп подрядчика
B47: Перемычка тип 2 | C47: ПБК-19.12.16-8 | D47: шт. | G47: 2 | H47: =SUM(G47:G47) -> 2 | I47: 945 | J47: =H47*I47 -> 1890 | L47: закуп подрядчика
B48: Перемычка тип 3 | C48: ПБК-19.12.18-8 | D48: шт. | G48: 4 | H48: =SUM(G48:G48) -> 4 | I48: 1086.75 | J48: =H48*I48 -> 4347 | L48: закуп подрядчика
B49: Перемычка тип 4 | C49: ПБК-19.12.20-8 | D49: шт. | G49: 4 | H49: =SUM(G49:G49) -> 4 | I49: 1191.75 | J49: =H49*I49 -> 4767 | L49: закуп подрядчика
B50: Перемычка тип 5 | C50: ПБК-19.12.22-8 | D50: шт. | G50: 8 | H50: =SUM(G50:G50) -> 8 | I50: 1291.5 | J50: =H50*I50 -> 10332 | L50: закуп подрядчика
B51: Перемычка тип 6 | C51: ПБК-19.19.12-37 | D51: шт. | G51: 1 | H51: =SUM(G51:G51) -> 1 | I51: 1113 | J51: =H51*I51 -> 1113 | L51: закуп подрядчика
B52: Арматура тип 1 | C52: Ø8 А240 | D52: кг | E52: 1.04 | G52: =142.43*E52 -> 148.1272 | H52: =SUM(G52:G52) -> 148.1272 | I52: 66.35 | J52: =H52*I52 -> 9828.2397 | L52: закуп подрядчика
B53: Арматура тип 2 | C53: Ø10 А500С | D53: кг | E53: 1.04 | G53: =G33*E53 -> 1.9968 | H53: =SUM(G53:G53) -> 1.9968 | I53: 64 | J53: =H53*I53 -> 127.7952 | L53: закуп подрядчика
B54: Уголок L110х8 | C54: - | D54: кг | E54: 1.04 | G54: =115.76*E54 -> 120.3904 | H54: =SUM(G54:G54) -> 120.3904 | I54: 72.78 | J54: =H54*I54 -> 8762.0133 | L54: закуп подрядчика
B55: Уголок L125х8 | C55: - | D55: кг | E55: 1.04 | G55: =E55*10.57 -> 10.9928 | H55: =SUM(G55:G55) -> 10.9928 | I55: 74.92 | J55: =H55*I55 -> 823.58058 | L55: закуп подрядчика
B56: Прочие материалы (Грунт ГФ-021, Пена монтажная противопожарная, Болт БСР 120х12) | C56: - | D56: % | H56: =J56*100/J26 -> 3.8962045 | J56: 27487.357 | L56: закуп подрядчика
A57: 03.02.01.02. | B57: 2 этаж | J57: =J58+J70 -> 1356356.2
B58: Работа: | J58: =SUM(J59:J69) -> 1020532
B59: Кладка стен из керамзитобетонного блока толщ. 250 мм армированных | D59: м3 | G59: 33.94 | H59: =SUM(G59:G59) -> 33.94 | I59: 4939 | J59: =I59*H59 -> 167629.66
B60: Кладка под окна из керамического полнотелого кирпича | D60: м3 | G60: 2.58 | H60: =SUM(G60:G60) -> 2.58 | I60: 5845 | J60: =I60*H60 -> 15080.1
B61: Кладка перегородок из керамзитобетонного блока пустотелого толщ. 190 мм армированных | D61: м2 | G61: 154.53 | H61: =SUM(G61:G61) -> 154.53 | I61: 1461 | J61: =I61*H61 -> 225768.33
B62: Кладка перегородок из керамзитобетонного блока полнотелого толщ. 190 мм армированных | D62: м2 | G62: 32.32 | H62: =SUM(G62:G62) -> 32.32 | I62: 1461 | J62: =I62*H62 -> 47219.52
B63: Кладка перегородок из керамзитобетонного блока пустотелого толщ. 90 мм армированных | D63: м2 | G63: 158.03 | H63: =SUM(G63:G63) -> 158.03 | I63: 1461 | J63: =I63*H63 -> 230881.83
B64: Кладка перегородок из керамзитобетонного блока полнотелого толщ. 90 мм армированных | D64: м2 | G64: 140.96 | H64: =SUM(G64:G64) -> 140.96 | I64: 1461 | J64: =I64*H64 -> 205942.56
B65: Кладка перегородок из кирпича армированных | D65: м2 | G65: 40.36 | H65: =SUM(G65:G65) -> 40.36 | I65: 1610 | J65: =I65*H65 -> 64979.6
B66: Монтаж перемычек керамзитобетонных и ж/б | D66: шт | G66: 56 | H66: =SUM(G66:G66) -> 56 | I66: 803 | J66: =I66*H66 -> 44968
B67: Монтаж и изготовление металлических элементов | D67: кг | G67: 140.34 | H67: =SUM(G67:G67) -> 140.34 | I67: 94.5 | J67: =I67*H67 -> 13262.13 | K67: перемычки из уголка, крепление балконов
B68: Устройство перемычек из стержней арматуры (3-4 стержня на проем, в зависимости от толщины кладки) | D68: кг | G68: 40.68 | H68: =SUM(G68:G68) -> 40.68 | I68: 118 | J68: =I68*H68 -> 4800.24
B69: Зачеканка шва раствором | D69: м3 | G69: =307.83*0.06*0.03 -> 0.554094 | H69: =SUM(G69:G69) -> 0.554094 | K69: для просчета объема раствора
B70: Материалы: | J70: =SUM(J71:J99) -> 335824.21
B71: Блоки керамзитобетонные тип 1 | C71: толщ.250мм, пустотелые по прочности не ниже М35 | D71: шт. | E71: 12.4 | F71: 0.25 | G71: =G59/F71*E71 -> 1683.424 | H71: =SUM(G71:G71) -> 1683.424 | I71: 0 | J71: =H71*I71 -> 0 | K71: на м2 | L71: Закуп ЭНКО Давальческий
B72: Блоки керамзитобетонные тип 2 | C72: толщ.190мм, пустотелые по прочности не ниже М35 | D72: шт. | E72: 12.4 | G72: =G61*E72 -> 1916.172 | H72: =SUM(G72:G72) -> 1916.172 | I72: 0 | J72: =H72*I72 -> 0 | K72: на м2 | L72: Закуп ЭНКО Давальческий
B73: Блоки керамзитобетонные тип 3 | C73: толщ.190мм, полнотелые по прочности не ниже М35 | D73: шт. | E73: 12.4 | G73: =G62*E73 -> 400.768 | H73: =SUM(G73:G73) -> 400.768 | I73: 0 | J73: =H73*I73 -> 0 | K73: на м2 | L73: Закуп ЭНКО Давальческий
B74: Блоки керамзитобетонные тип 4 | C74: толщ.90мм, пустотелые по прочности не ниже М35 | D74: шт. | E74: 12.4 | G74: =G63*E74 -> 1959.572 | H74: =SUM(G74:G74) -> 1959.572 | I74: 0 | J74: =H74*I74 -> 0 | K74: на м2 | L74: Закуп ЭНКО Давальческий
B75: Блоки керамзитобетонные тип 5 | C75: толщ.90мм, полнотелые по прочности не ниже М35 | D75: шт. | E75: 12.4 | G75: =G64*E75 -> 1747.904 | H75: =SUM(G75:G75) -> 1747.904 | I75: 0 | J75: =H75*I75 -> 0 | K75: на м2 | L75: Закуп ЭНКО Давальческий
B76: Кирпич керамический тип 1 | C76: полуторный М150 пустотелый | D76: шт. | E76: 42 | G76: =G65*E76 -> 1695.12 | H76: =SUM(G76:G76) -> 1695.12 | I76: 0 | J76: =H76*I76 -> 0 | K76: расход, подтвержденный актом о фактическом расходе материала | L76: Закуп ЭНКО Давальческий
B77: Кирпич керамический тип 2 | C77: полуторный М150 полнотелый | D77: шт. | E77: 42 | G77: =G60/0.25*E77 -> 433.44 | H77: =SUM(G77:G77) -> 433.44 | I77: 0 | J77: =H77*I77 -> 0 | K77: расход, подтвержденный актом о фактическом расходе материала | L77: Закуп ЭНКО Давальческий
B78: Раствор тип 1 На кладку блок | C78: М75 | D78: м3 | E78: 0.195 | G78: =G59*E78+G61*E78*0.19+G62*E78*0.19+G63*E78*0.09+G64*E78*0.09 -> 18.788367 | H78: =SUM(G78:G78) -> 18.788367 | I78: 7875 | J78: =H78*I78 -> 147958.39 | K78: на м3 | L78: закуп подрядчика
B79: Раствор тип 1 На кладку кирпич (под окна и вентканалы кровли) | C79: М75 | D79: м3 | E79: 0.24 | G79: =G60*E79 -> 0.6192 | H79: =SUM(G79:G79) -> 0.6192 | I79: 7875 | J79: =H79*I79 -> 4876.2 | K79: на м3 | L79: закуп подрядчика
B80: Раствор тип 1 На кладку кирпич (перегородки) | C80: М75 | D80: м3 | E80: 0.046 | G80: =G65*E80 -> 1.85656 | H80: =SUM(G80:G80) -> 1.85656 | I80: 7875 | J80: =H80*I80 -> 14620.41 | K80: на м2, расход, подтвержденный актом о фактическом расходе материала | L80: закуп подрядчика
B81: Раствор тип 1 На заполнение швов | C81: М75 | D81: м3 | E81: 1.01 | G81: =G69*E81 -> 0.55963494 | H81: =SUM(G81:G81) -> 0.55963494 | I81: 7875 | J81: =H81*I81 -> 4407.1252 | K81: на м3 | L81: закуп подрядчика
B82: Раствор тип 1 На перемычки керамзитобетонных и ж/б | C82: М75 | D82: м3 | E82: 0.006 | G82: =G66*E82 -> 0.336 | H82: =SUM(G82:G82) -> 0.336 | I82: 7875 | J82: =H82*I82 -> 2646 | K82: увеличили норму из-за замены перемычек на широкие | L82: закуп подрядчика
B83: Раствор тип 1 На перемычки из стержней арматуру | C83: М75 | D83: м3 | E83: 1.01 | G83: 0.08 | H83: =SUM(G83:G83) -> 0.08 | I83: 7875 | J83: =H83*I83 -> 630 | L83: закуп подрядчика
B84: Сетка кладочная | C84: Ø3 Вр-1 яч. 50х50 по ТУ2 | D84: м2 | G84: 183.5 | H84: =SUM(G84:G84) -> 183.5 | I84: 88.34 | J84: =H84*I84 -> 16210.39 | L84: закуп подрядчика
B85: Перемычка тип 7 | C85: Перемычка полистиролбетонная D500 19.9.12-8 | D85: шт. | G85: 12 | H85: =SUM(G85:G85) -> 12 | I85: 398.6 | J85: =H85*I85 -> 4783.2 | L85: закуп подрядчика
B86: Перемычка тип 8 | C86: Перемычка полистиролбетонная D500 19.9.14-8 | D86: шт. | G86: 9 | H86: =SUM(G86:G86) -> 9 | I86: 465.03 | J86: =H86*I86 -> 4185.27 | L86: закуп подрядчика
B87: Перемычка тип 9 | C87: Перемычка полистиролбетонная D500 19.19.12-8 | D87: шт. | G87: 1 | H87: =SUM(G87:G87) -> 1 | I87: 841.49 | J87: =H87*I87 -> 841.49 | L87: закуп подрядчика
B88: Перемычка тип 10 | C88: Перемычка полистиролбетонная D500 19.19.14-8 | D88: шт. | G88: 10 | H88: =SUM(G88:G88) -> 10 | I88: 981.74 | J88: =H88*I88 -> 9817.4 | L88: закуп подрядчика
B89: Перемычка тип 11 | C89: Перемычка полистиролбетонная D500 19.25.14-8 | D89: шт. | G89: 3 | H89: =SUM(G89:G89) -> 3 | I89: 1291.76 | J89: =H89*I89 -> 3875.28 | L89: закуп подрядчика
B90: Перемычка тип 12 | C90: Перемычка полистиролбетонная D500 19.25.20-8 | D90: шт. | G90: 1 | H90: =SUM(G90:G90) -> 1 | I90: 1845.38 | J90: =H90*I90 -> 1845.38 | L90: закуп подрядчика
B91: Перемычка тип 13 | C91: Перемычка полистиролбетонная D500 19.25.22-8 | D91: шт. | G91: 8 | H91: =SUM(G91:G91) -> 8 | I91: 2029.91 | J91: =H91*I91 -> 16239.28 | L91: закуп подрядчика
B92: Перемычка тип 14 | C92: Перемычка полистиролбетонная D500 19.25.26-8 | D92: шт. | G92: 11 | H92: =SUM(G92:G92) -> 11 | I92: 2398.99 | J92: =H92*I92 -> 26388.89 | L92: закуп подрядчика
B93: Перемычка тип 15 | C93: Перемычка полистиролбетонная D500 19.25.28-8 | D93: шт. | G93: 1 | H93: =SUM(G93:G93) -> 1 | I93: 2583.53 | J93: =H93*I93 -> 2583.53 | L93: закуп подрядчика
B94: Арматура тип 1 | C94: Ø8 А240 | D94: кг | E94: 1.04 | G94: =150.57*E94 -> 156.5928 | H94: =SUM(G94:G94) -> 156.5928 | I94: 66.35 | J94: =H94*I94 -> 10389.932 | L94: закуп подрядчика
B95: Арматура тип 2 | C95: Ø10 А500С | D95: кг | E95: 1.04 | G95: =G68*E95 -> 42.3072 | H95: =SUM(G95:G95) -> 42.3072 | I95: 64 | J95: =H95*I95 -> 2707.6608 | L95: закуп подрядчика
B96: Уголок L50х5 | C96: - | D96: кг | E96: 1.04 | G96: =85.59*E96 -> 89.0136 | H96: =SUM(G96:G96) -> 89.0136 | I96: 64.21 | J96: =H96*I96 -> 5715.5633 | L96: закуп подрядчика
B97: Уголок L125х8 | C97: - | D97: кг | E97: 1.04 | G97: =E97*25.97 -> 27.0088 | H97: =SUM(G97:G97) -> 27.0088 | I97: 74.92 | J97: =H97*I97 -> 2023.4993 | L97: закуп подрядчика
B98: Полоса L40х4 | C98: - | D98: кг | E98: 1.04 | G98: =28.88*E98 -> 30.0352 | H98: =SUM(G98:G98) -> 30.0352 | I98: 75.97 | J98: =H98*I98 -> 2281.7741 | L98: закуп подрядчика
B99: Прочие материалы (Грунт ГФ-021, Пена монтажная противопожарная, Болт БСР 120х12, Электроды ø3мм) | C99: - | D99: % | H99: =J99*100/J58 -> 4.9775557 | J99: 50797.547 | L99: закуп подрядчика
A100: 03.02.01.03. | B100: 3 этаж | J100: =J101+J113 -> 1356356.2
B101: Работа: | J101: =SUM(J102:J112) -> 1020532
B102: Кладка стен из керамзитобетонного блока толщ. 250 мм армированных | D102: м3 | G102: 33.94 | H102: =SUM(G102:G102) -> 33.94 | I102: 4939 | J102: =I102*H102 -> 167629.66
B103: Кладка под окна из керамического полнотелого кирпича | D103: м3 | G103: 2.58 | H103: =SUM(G103:G103) -> 2.58 | I103: 5845 | J103: =I103*H103 -> 15080.1
B104: Кладка перегородок из керамзитобетонного блока пустотелого толщ. 190 мм армированных | D104: м2 | G104: 154.53 | H104: =SUM(G104:G104) -> 154.53 | I104: 1461 | J104: =I104*H104 -> 225768.33
B105: Кладка перегородок из керамзитобетонного блока полнотелого толщ. 190 мм армированных | D105: м2 | G105: 32.32 | H105: =SUM(G105:G105) -> 32.32 | I105: 1461 | J105: =I105*H105 -> 47219.52
...

Sheet ГП-103 с.1,2,3
N1: Приложение №2
N2: к Дополнительному соглашению №1
N3: к Договору подряда №01033-ИДК25 от 01.03.2025
B5: ПОДРЯДЧИК: | C5: ТЕХНИЧЕСКИЙ ЗАКАЗЧИК: | L5: ЗАКАЗЧИК:
B6: Индивидуальный предприниматель | C6: ООО ТЗ ЭНКО | L6: ООО ИДК ЭНКО
B7: ИП Беспрозванных А.П.
B9: ______________/А. П. Беспрозванных | C9: _____________/С.И. Ярков | L9: _________________/С.И. Ярков
A12: Локальный сметный расчет №2
A13: ГП-103 (секция 1,2,3)
A15: № | B15: Наименование | C15: Характеристика | D15: Ед. изм. | E15: Норма расхода | F15: Толщина, (мм) | G15: секция 1 | H15: секция 2 | I15: секция 3 | J15: Кол-во | K15: Цена за ед. | L15: Сумма | M15: Примечание | N15: Форма закупа материала
A16: 03 | B16: Каркас
A17: 03.02. | B17: Устройство заполнения стен
A18: 03.02.00. | B18: Машины и механизмы
A19: 03.02.00.00. | B19: Машины и механизмы
B20: Работа: | L20: =SUM(L21:L21) -> 5292000
B21: Услуги по подъему и перепещению грузов автокраном | D21: маш/час | J21: 1800 | K21: 2940 | L21: =K21*J21 -> 5292000 | M21: точное кол-во маш/час по фактически отработанному времени
B22: Материалы:
B23: -
A24: 03.02.01. | B24: Кладка наружных и внутренних стен из блока толщ. 250мм,190мм,90мм, кладка стен из кирпича, монтаж перемычек, кладка вентканалов
A25: 03.02.01.01. | B25: 1 этаж | L25: =L26+L38 -> 4289742.2
B26: Работа: | L26: =SUM(L27:L37) -> 3000917.4
B27: Кладка стен из керамзитобетонного блока толщ. 250 мм армированных | D27: м3 | G27: 41.03 | H27: 35.24 | I27: 47.31 | J27: =SUM(G27:I27) -> 123.58 | K27: 4939 | L27: =K27*J27 -> 610361.62
B28: Кладка под окна из керамического полнотелого кирпича | D28: м3 | G28: 0.2 | H28: 0.11 | I28: 3.39 | J28: =SUM(G28:I28) -> 3.7 | K28: 5845 | L28: =K28*J28 -> 21626.5
B29: Кладка перегородок из керамзитобетонного блока пустотелого толщ. 190 мм армированных | D29: м2 | G29: 285.84 | H29: 186.47 | I29: 168.32 | J29: =SUM(G29:I29) -> 640.63 | K29: 1461 | L29: =K29*J29 -> 935960.43
B30: Кладка перегородок из керамзитобетонного блока полнотелого толщ. 190 мм армированных | D30: м2 | H30: 27.37 | I30: 69.47 | J30: =SUM(G30:I30) -> 96.84 | K30: 1461 | L30: =K30*J30 -> 141483.24
B31: Кладка перегородок из кирпича армированных | D31: м2 | G31: 192.47 | H31: 186.27 | I31: 298.18 | J31: =SUM(G31:I31) -> 676.92 | K31: 1610 | L31: =K31*J31 -> 1089841.2
B32: Монтаж перемычек керамзитобетонных и ж/б | D32: шт | G32: 57 | H32: 42 | I32: 68 | J32: =SUM(G32:I32) -> 167 | K32: 803 | L32: =K32*J32 -> 134101
B33: Монтаж и изготовление металлических элементов | C33: перемычки из уголка, металлические стойки | D33: кг | G33: 22.48 | H33: =7.55+49.37 -> 56.92 | I33: =8.46+41.16 -> 49.62 | J33: =SUM(G33:I33) -> 129.02 | K33: 94.5 | L33: =K33*J33 -> 12192.39
B34: Устройство перемычек из стержней арматуры (3-4 стержня на проем, в зависимости от толщины кладки) | D34: кг | G34: 13.27 | H34: 14.35 | I34: 17.69 | J34: =SUM(G34:I34) -> 45.31 | K34: 118 | L34: =K34*J34 -> 5346.58
B35: Устройство деформационного шва | C35: с учетом гидроизоляции | D35: м2 | G35: 51 | H35: 54.33 | I35: 62.47 | J35: =SUM(G35:I35) -> 167.8 | K35: 298 | L35: =K35*J35 -> 50004.4
B36: Гидроизоляция | D36: м2 | G36: 11 | I36: 17 | J36: =SUM(G36:I36) -> 28 | M36: для просчета объема гидроизоляции
B37: Зачеканка шва раствором | D37: м3 | G37: =193.52*0.06*0.03 -> 0.348336 | H37: =165.14*0.06*0.03 -> 0.297252 | I37: =271.69*0.06*0.03 -> 0.489042 | J37: =SUM(G37:I37) -> 1.13463 | M37: для просчета объема раствора
B38: Материалы: | L38: =SUM(L39:L74) -> 1288824.9
B39: Блоки керамзитобетонные тип 1 | C39: толщ.250мм, пустотелые по прочности не ниже М35 | D39: шт. | E39: 12.4 | F39: 0.25 | G39: =G27/0.25*E39 -> 2035.088 | H39: =H27/0.25*E39 -> 1747.904 | I39: =I27/0.25*E39 -> 2346.576 | J39: =SUM(G39:I39) -> 6129.568 | K39: 0 | L39: =J39*K39 -> 0 | M39: на м2 | N39: Закуп ЭНКО Давальческий
B40: Блоки керамзитобетонные тип 2 | C40: толщ.190мм, пустотелые по прочности не ниже М35 | D40: шт. | E40: 12.4 | G40: =G29*E40 -> 3544.416 | H40: =H29*E40 -> 2312.228 | I40: =I29*E40 -> 2087.168 | J40: =SUM(G40:I40) -> 7943.812 | K40: 0 | L40: =J40*K40 -> 0 | M40: на м2 | N40: Закуп ЭНКО Давальческий
B41: Блоки керамзитобетонные тип 3 | C41: толщ.190мм, полнотелые по прочности не ниже М35 | D41: шт. | E41: 12.4 | G41: =G30*E41 -> 0 | H41: =H30*E41 -> 339.388 | I41: =I30*E41 -> 861.428 | J41: =SUM(G41:I41) -> 1200.816 | K41: 0 | L41: =J41*K41 -> 0 | M41: на м2 | N41: Закуп ЭНКО Давальческий
B42: Кирпич керамический тип 1 | C42: полуторный М150 пустотелый | D42: шт. | E42: 42 | G42: =G31*E42 -> 8083.74 | H42: =H31*E42 -> 7823.34 | I42: =I31*E42 -> 12523.56 | J42: =SUM(G42:I42) -> 28430.64 | K42: 0 | L42: =J42*K42 -> 0 | M42: расход, подтвержденный актом о фактическом расходе материала | N42: Закуп ЭНКО Давальческий
B43: Кирпич керамический тип 2 | C43: полуторный М150 полнотелый | D43: шт. | E43: 42 | G43: =G28/0.25*E43 -> 33.6 | H43: =H28/0.25*E43 -> 18.48 | I43: =I28/0.25*E43 -> 569.52 | J43: =SUM(G43:I43) -> 621.6 | K43: 0 | L43: =J43*K43 -> 0 | M43: расход, подтвержденный актом о фактическом расходе материала | N43: Закуп ЭНКО Давальческий
B44: Раствор тип 1 На кладку блок | C44: М75 | D44: м3 | E44: 0.195 | G44: =G27*E44+G29*E44*0.19+G30*E44*0.19 -> 18.591222 | H44: =H27*E44+H29*E44*0.19+H30*E44*0.19 -> 14.794572 | I44: =I27*E44+I29*E44*0.19+I30*E44*0.19 -> 18.03557 | J44: =SUM(G44:I44) -> 51.421364 | K44: 7875 | L44: =J44*K44 -> 404943.24 | M44: на м3 | N44: закуп подрядчика
B45: Раствор тип 1 На кладку кирпич (под окна и вентканалы кровли) | C45: М75 | D45: м3 | E45: 0.24 | G45: =G28*E45 -> 0.048 | H45: =H28*E45 -> 0.0264 | I45: =I28*E45 -> 0.8136 | J45: =SUM(G45:I45) -> 0.888 | K45: 7875 | L45: =J45*K45 -> 6993 | M45: на м3 | N45: закуп подрядчика
B46: Раствор тип 1 На кладку кирпич (перегородки) | C46: М75 | D46: м3 | E46: 0.046 | G46: =G31*E46 -> 8.85362 | H46: =H31*E46 -> 8.56842 | I46: =I31*E46 -> 13.71628 | J46: =SUM(G46:I46) -> 31.13832 | K46: 7875 | L46: =J46*K46 -> 245214.27 | M46: на м2, расход, подтвержденный актом о фактическом расходе материала | N46: закуп подрядчика
B47: Раствор тип 1 На заполнение швов | C47: М75 | D47: м3 | E47: 1.01 | G47: =G37*E47 -> 0.35181936 | H47: =H37*E47 -> 0.30022452 | I47: =I37*E47 -> 0.49393242 | J47: =SUM(G47:I47) -> 1.1459763 | K47: 7875 | L47: =J47*K47 -> 9024.5634 | M47: на м3 | N47: закуп подрядчика
B48: Раствор тип 1 На перемычки керамзитобетонных и ж/б | C48: М75 | D48: м3 | E48: 0.006 | G48: =G33*E48 -> 0.13488 | H48: =H33*E48 -> 0.34152 | I48: =I33*E48 -> 0.29772 | J48: =SUM(G48:I48) -> 0.77412 | K48: 7875 | L48: =J48*K48 -> 6096.195 | M48: увеличили норму из-за замены перемычек на широкие | N48: закуп подрядчика
B49: Раствор тип 1 На перемычки из стержней арматуру | C49: М75 | D49: м3 | E49: 1.01 | G49: 0.021 | H49: 0.024 | I49: 0.033 | J49: =SUM(G49:I49) -> 0.078 | K49: 7875 | L49: =J49*K49 -> 614.25 | N49: закуп подрядчика
B50: Сетка кладочная | C50: Ø3 Вр-1 яч. 50х50 по ТУ2 | D50: м2 | G50: 338.39 | H50: 279.09 | I50: 315.57 | J50: =SUM(G50:I50) -> 933.05 | K50: 88.34 | L50: =J50*K50 -> 82425.637 | N50: закуп подрядчика
B51: Перемычка тип 1 | C51: ПБК-19.9.12-8 | D51: шт. | I51: 4 | J51: =SUM(G51:I51) -> 4 | K51: 567 | L51: =J51*K51 -> 2268 | N51: закуп подрядчика
B52: Перемычка тип 2 | C52: ПБК-19.9.14-8 | D52: шт. | I52: 10 | J52: =SUM(G52:I52) -> 10 | K52: 656.25 | L52: =J52*K52 -> 6562.5 | N52: закуп подрядчика
B53: Перемычка тип 3 | C53: ПБК-19.12.12-8 | D53: шт. | G53: 10 | H53: 4 | I53: 9 | J53: =SUM(G53:I53) -> 23 | K53: 761.25 | L53: =J53*K53 -> 17508.75 | N53: закуп подрядчика
B54: Перемычка тип 4 | C54: ПБК-19.12.14-8 | D54: шт. | G54: 2 | H54: 6 | I54: 12 | J54: =SUM(G54:I54) -> 20 | K54: 845.25 | L54: =J54*K54 -> 16905 | N54: закуп подрядчика
B55: Перемычка тип 5 | C55: ПБК-19.12.16-8 | D55: шт. | G55: 1 | J55: =SUM(G55:I55) -> 1 | K55: 945 | L55: =J55*K55 -> 945 | N55: закуп подрядчика
B56: Перемычка тип 6 | C56: ПБК-19.12.18-8 | D56: шт. | H56: 1 | J56: =SUM(G56:I56) -> 1 | K56: 1086.75 | L56: =J56*K56 -> 1086.75 | N56: закуп подрядчика
B57: Перемычка тип 7 | C57: ПБК-19.12.22-8 | D57: шт. | G57: 30 | H57: 14 | I57: 32 | J57: =SUM(G57:I57) -> 76 | K57: 1291.5 | L57: =J57*K57 -> 98154 | N57: закуп подрядчика
B58: Перемычка тип 8 | C58: ПБК-19.12.24-8 | D58: шт. | I58: 1 | J58: =SUM(G58:I58) -> 1 | K58: 1569.75 | L58: =J58*K58 -> 1569.75 | N58: закуп подрядчика
B59: Перемычка тип 9 | C59: ПБК-19.12.26-8 | D59: шт. | G59: 6 | H59: 2 | J59: =SUM(G59:I59) -> 8 | K59: 2869.65 | L59: =J59*K59 -> 22957.2 | N59: закуп подрядчика
B60: Перемычка тип 10 | C60: ПБК-19.12.28-8 | D60: шт. | G60: 4 | H60: 10 | J60: =SUM(G60:I60) -> 14 | K60: 3084.9 | L60: =J60*K60 -> 43188.6 | N60: закуп подрядчика
B61: Перемычка тип 11 | C61: ПБК-19.12.30-8 | D61: шт. | H61: 4 | J61: =SUM(G61:I61) -> 4 | K61: 3300.15 | L61: =J61*K61 -> 13200.6 | N61: закуп подрядчика
B62: Перемычка тип 12 | C62: ПБК-19.12.36-8 | D62: шт. | H62: 2 | J62: =SUM(G62:I62) -> 2 | K62: 3946.95 | L62: =J62*K62 -> 7893.9 | N62: закуп подрядчика
B63: Перемычка тип 13 | C63: ПБК-19.19.12-37 | D63: шт. | G63: 1 | J63: =SUM(G63:I63) -> 1 | K63: 1113 | L63: =J63*K63 -> 1113 | N63: закуп подрядчика
B64: Перемычка тип 14 | C64: ПБК-19.19.14-37 | D64: шт. | G64: 2 | H64: 1 | J64: =SUM(G64:I64) -> 3 | K64: 1417.5 | L64: =J64*K64 -> 4252.5 | N64: закуп подрядчика
B65: Перемычка тип 15 | C65: ПБК-19.19.26-37 | D65: шт. | G65: 1 | J65: =SUM(G65:I65) -> 1 | K65: 4503.45 | L65: =J65*K65 -> 4503.45 | N65: закуп подрядчика
B66: Арматура тип 1 | C66: Ø8 А240 | D66: кг | E66: 1.04 | G66: =243.08*E66 -> 252.8032 | H66: =196.47*E66 -> 204.3288 | I66: =273.41*E66 -> 284.3464 | J66: =SUM(G66:I66) -> 741.4784 | K66: 66.35 | L66: =J66*K66 -> 49197.092 | N66: закуп подрядчика
B67: Арматура тип 2 | C67: Ø10 А500С | D67: кг | E67: 1.04 | G67: =G34*E67 -> 13.8008 | H67: =H34*E67 -> 14.924 | I67: =I34*E67 -> 18.3976 | J67: =SUM(G67:I67) -> 47.1224 | K67: 64 | L67: =J67*K67 -> 3015.8336 | N67: закуп подрядчика
B68: Уголок L110х8 | C68: - | D68: кг | E68: 1.04 | G68: =11.91*E68 -> 12.3864 | J68: =SUM(G68:I68) -> 12.3864 | K68: 72.78 | L68: =J68*K68 -> 901.48219 | N68: закуп подрядчика
B69: Уголок L125х8 | C69: - | D69: кг | E69: 1.04 | G69: =E69*10.57 -> 10.9928 | H69: =E69*7.55 -> 7.852 | I69: =E69*8.46 -> 8.7984 | J69: =SUM(G69:I69) -> 27.6432 | K69: 74.92 | L69: =J69*K69 -> 2071.0285 | N69: закуп подрядчика
B70: Труба 100*100*4 | C70: СТ-1, СТ-2 | D70: кг | E70: 1.04 | H70: =46.92*E70 -> 48.7968 | I70: =E70*38.71 -> 40.2584 | J70: =SUM(G70:I70) -> 89.0552 | K70: 69.56 | L70: =J70*K70 -> 6194.6797 | N70: закуп подрядчика
B71: Лист 4мм | C71: СТ-1, СТ-3 | D71: кг | E71: 1.04 | H71: =E71*2.45 -> 2.548 | I71: =E71*2.45 -> 2.548 | J71: =SUM(G71:I71) -> 5.096 | K71: 71.7 | L71: =J71*K71 -> 365.3832 | N71: закуп подрядчика
B72: Наплавляемая гидроизоляция | C72: - | D72: м2 | G72: =G35 -> 51 | H72: =H35 -> 54.33 | I72: =I35 -> 62.47 | J72: =SUM(G72:I72) -> 167.8 | K72: 432.29 | L72: =J72*K72 -> 72538.262 | N72: закуп подрядчика
B73: Минераловатная плита тип 1 | C73: 1200*600*50 мм, плотность не ниже 50 кг/м3 | D73: м3 | E73: 1.04 | G73: =G35*0.05*E73 -> 2.652 | H73: =H35*0.05*E73 -> 2.82516 | I73: =I35*0.05*E73 -> 3.24844 | J73: =SUM(G73:I73) -> 8.7256 | K73: 6405.83 | L73: =J73*K73 -> 55894.71 | N73: закуп подрядчика
B74: Прочие материалы (Грунт ГФ-021, Пена монтажная противопожарная, Болт БСР 120х12) | C74: - | D74: % | J74: =L74*100/L26 -> 3.3731764 | L74: 101226.24 | N74: закуп подрядчика
A75: 03.02.01.02. | B75: 2 этаж | L75: =L76+L89 -> 3844198
B76: Работа: | L76: =SUM(L77:L88) -> 2917197
B77: Кладка стен из керамзитобетонного блока толщ. 250 мм армированных | D77: м3 | G77: 30.11 | H77: 25.51 | I77: 38.27 | J77: =SUM(G77:I77) -> 93.89 | K77: 4939 | L77: =K77*J77 -> 463722.71
B78: Кладка под окна из керамического полнотелого кирпича | D78: м3 | G78: 1.77 | H78: 1.25 | I78: 1.7 | J78: =SUM(G78:I78) -> 4.72 | K78: 5845 | L78: =K78*J78 -> 27588.4
B79: Кладка перегородок из керамзитобетонного блока пустотелого толщ. 190 мм армированных | D79: м2 | G79: 204.75 | H79: 120.63 | I79: 142.32 | J79: =SUM(G79:I79) -> 467.7 | K79: 1461 | L79: =K79*J79 -> 683309.7
B80: Кладка перегородок из керамзитобетонного блока полнотелого толщ. 190 мм армированных | D80: м2 | G80: 57.32 | H80: 44.32 | I80: 79.95 | J80: =SUM(G80:I80) -> 181.59 | K80: 1461 | L80: =K80*J80 -> 265302.99
B81: Кладка перегородок из керамзитобетонного блока пустотелого толщ. 90 мм армированных | D81: м2 | G81: 156.14 | H81: 101.76 | I81: 158.25 | J81: =SUM(G81:I81) -> 416.15 | K81: 1461 | L81: =K81*J81 -> 607995.15
B82: Кладка перегородок из керамзитобетонного блока полнотелого толщ. 90 мм армированных | D82: м2 | G82: 100.39 | H82: 112.4 | I82: 113.93 | J82: =SUM(G82:I82) -> 326.72 | K82: 1461 | L82: =K82*J82 -> 477337.92
B83: Кладка перегородок из кирпича армированных | D83: м2 | G83: 27.1 | H83: 36.04 | I83: 32.35 | J83: =SUM(G83:I83) -> 95.49 | K83: 1610 | L83: =K83*J83 -> 153738.9
B84: Монтаж перемычек керамзитобетонных и ж/б | D84: шт | G84: 77 | H84: 59 | I84: 77 | J84: =SUM(G84:I84) -> 213 | K84: 803 | L84: =K84*J84 -> 171039
B85: Монтаж и изготовление металлических элементов | C85: перемычки из уголка, крепление балконов | D85: кг | G85: 87.64 | H85: 70.76 | I85: 60.5 | J85: =SUM(G85:I85) -> 218.9 | K85: 94.5 | L85: =K85*J85 -> 20686.05
B86: Устройство перемычек из стержней арматуры (3-4 стержня на проем, в зависимости от толщины кладки) | D86: кг | G86: 42.25 | H86: 31.63 | I86: 26.33 | J86: =SUM(G86:I86) -> 100.21 | K86: 118 | L86: =K86*J86 -> 11824.78
B87: Устройство деформационного шва | D87: м2 | G87: 35.34 | H87: 37.65 | I87: 43.29 | J87: =SUM(G87:I87) -> 116.28 | K87: 298 | L87: =K87*J87 -> 34651.44
B88: Зачеканка шва раствором | D88: м3 | G88: =291.89*0.06*0.03 -> 0.525402 | H88: =228.82*0.06*0.03 -> 0.411876 | I88: =295.85*0.06*0.03 -> 0.53253 | J88: =SUM(G88:I88) -> 1.469808 | M88: для просчета объема раствора
B89: Материалы: | L89: =SUM(L90:L124) -> 927000.98
B90: Блоки керамзитобетонные тип 1 | C90: толщ.250мм, пустотелые по прочности не ниже М35 | D90: шт. | E90: 12.4 | F90: 0.25 | G90: =G77/F90*E90 -> 1493.456 | H90: =H77/F90*E90 -> 1265.296 | I90: =I77/F90*E90 -> 1898.192 | J90: =SUM(G90:I90) -> 4656.944 | K90: 0 | L90: =J90*K90 -> 0 | M90: на м2 | N90: Закуп ЭНКО Давальческий
B91: Блоки керамзитобетонные тип 2 | C91: толщ.190мм, пустотелые по прочности не ниже М35 | D91: шт. | E91: 12.4 | G91: =G79*E91 -> 2538.9 | H91: =H79*E91 -> 1495.812 | I91: =I79*E91 -> 1764.768 | J91: =SUM(G91:I91) -> 5799.48 | K91: 0 | L91: =J91*K91 -> 0 | M91: на м2 | N91: Закуп ЭНКО Давальческий
B92: Блоки керамзитобетонные тип 3 | C92: толщ.190мм, полнотелые по прочности не ниже М35 | D92: шт. | E92: 12.4 | G92: =G80*E92 -> 710.768 | H92: =H80*E92 -> 549.568 | I92: =I80*E92 -> 991.38 | J92: =SUM(G92:I92) -> 2251.716 | K92: 0 | L92: =J92*K92 -> 0 | M92: на м2 | N92: Закуп ЭНКО Давальческий
B93: Блоки керамзитобетонные тип 4 | C93: толщ.90мм, пустотелые по прочности не ниже М35 | D93: шт. | E93: 12.4 | G93: =G81*E93 -> 1936.136 | H93: =H81*E93 -> 1261.824 | I93: =I81*E93 -> 1962.3 | J93: =SUM(G93:I93) -> 5160.26 | K93: 0 | L93: =J93*K93 -> 0 | M93: на м2 | N93: Закуп ЭНКО Давальческий
B94: Блоки керамзитобетонные тип 5 | C94: толщ.90мм, полнотелые по прочности не ниже М35 | D94: шт. | E94: 12.4 | G94: =G82*E94 -> 1244.836 | H94: =H82*E94 -> 1393.76 | I94: =I82*E94 -> 1412.732 | J94: =SUM(G94:I94) -> 4051.328 | K94: 0 | L94: =J94*K94 -> 0 | M94: на м2 | N94: Закуп ЭНКО Давальческий
B95: Кирпич керамический тип 1 | C95: полуторный М150 пустотелый | D95: шт. | E95: 42 | G95: =G83*E95 -> 1138.2 | H95: =H83*E95 -> 1513.68 | I95: =I83*E95 -> 1358.7 | J95: =SUM(G95:I95) -> 4010.58 | K95: 0 | L95: =J95*K95 -> 0 | M95: расход, подтвержденный актом о фактическом расходе материала | N95: Закуп ЭНКО Давальческий
B96: Кирпич керамический тип 2 | C96: полуторный М150 полнотелый | D96: шт. | E96: 42 | G96: =G78/0.25*E96 -> 297.36 | H96: =H78/0.25*E96 -> 210 | I96: =I78/0.25*E96 -> 285.6 | J96: =SUM(G96:I96) -> 792.96 | K96: 0 | L96: =J96*K96 -> 0 | M96: расход, подтвержденный актом о фактическом расходе материала | N96: Закуп ЭНКО Давальческий
B97: Раствор тип 1 На кладку блок | C97: М75 | D97: м3 | E97: 0.195 | G97: =G77*E97+G79*E97*0.19+G80*E97*0.19+G81*E97*0.09+G82*E97*0.09 -> 20.083245 | H97: =H77*E97+H79*E97*0.19+H80*E97*0.19+H81*E97*0.09+H82*E97*0.09 -> 14.844356 | I97: =I77*E97+I79*E97*0.19+I80*E97*0.19+I81*E97*0.09+I82*E97*0.09 -> 20.474512 | J97: =SUM(G97:I97) -> 55.402113 | K97: 7875 | L97: =J97*K97 -> 436291.64 | M97: на м3 | N97: закуп подрядчика
B98: Раствор тип 1 На кладку кирпич (под окна и вентканалы кровли) | C98: М75 | D98: м3 | E98: 0.24 | G98: =G78*E98 -> 0.4248 | H98: =H78*E98 -> 0.3 | I98: =I78*E98 -> 0.408 | J98: =SUM(G98:I98) -> 1.1328 | K98: 7875 | L98: =J98*K98 -> 8920.8 | M98: на м3 | N98: закуп подрядчика
B99: Раствор тип 1 На кладку кирпич (перегородки) | C99: М75 | D99: м3 | E99: 0.046 | G99: =G83*E99 -> 1.2466 | H99: =H83*E99 -> 1.65784 | I99: =I83*E99 -> 1.4881 | J99: =SUM(G99:I99) -> 4.39254 | K99: 7875 | L99: =J99*K99 -> 34591.253 | M99: на м2, расход, подтвержденный актом о фактическом расходе материала | N99: закуп подрядчика
B100: Раствор тип 1 На заполнение швов | C100: М75 | D100: м3 | E100: 1.01 | G100: =G88*E100 -> 0.53065602 | H100: =H88*E100 -> 0.41599476 | I100: =I88*E100 -> 0.5378553 | J100: =SUM(G100:I100) -> 1.4845061 | K100: 7875 | L100: =J100*K100 -> 11690.485 | M100: на м3 | N100: закуп подрядчика
B101: Раствор тип 1 На перемычки керамзитобетонных и ж/б | C101: М75 | D101: м3 | E101: 0.006 | G101: =G84*E101 -> 0.462 | H101: =H84*E101 -> 0.354 | I101: =I84*E101 -> 0.462 | J101: =SUM(G101:I101) -> 1.278 | K101: 7875 | L101: =J101*K101 -> 10064.25 | M101: увеличили норму из-за замены перемычек на широкие | N101: закуп подрядчика
B102: Раствор тип 1 На перемычки из стержней арматуру | C102: М75 | D102: м3 | E102: 1.01 | G102: 0.057 | H102: 0.043 | I102: 0.032 | J102: =SUM(G102:I102) -> 0.132 | K102: 7875 | L102: =J102*K102 -> 1039.5 | N102: закуп подрядчика
B103: Сетка кладочная | C103: Ø3 Вр-1 яч. 50х50 по ТУ2 | D103: м2 | G103: 182.58 | H103: 142.61 | I103: 188.7 | J103: =SUM(G103:I103) -> 513.89 | K103: 88.34 | L103: =J103*K103 -> 45397.043 | N103: закуп подрядчика
B104: Перемычка тип 16 | C104: Перемычка полистиролбетонная D500 19.9.12-8 | D104: шт. | G104: 12 | H104: 17 | I104: 13 | J104: =SUM(G104:I104) -> 42 | K104: 398.6 | L104: =J104*K104 -> 16741.2 | N104: закуп подрядчика
B105: Перемычка тип 17 | C105: Перемычка полистиролбетонная D500 19.9.14-8 | D105: шт. | G105: 10 | I105: 10 | J105: =SUM(G105:I105) -> 20 | K105: 465.03 | L105: =J105*K105 -> 9300.6 | N105: закуп подрядчика
...

Sheet ГП-107
B2: Локальный сметный расчет (ЛСР) №10
B3: Объект: «Комплексная застройка территории, расположенной в границах улиц: Тобольский тракт - Обход города Тюмени (мкр. Губернаторский). Многоэтажный жилой дом ГП-72.107
B4: Ведомость объемов работ и расхода материалов по работе: Устройство заполнения стен и сопутствующим работам (согласно проекту шифр , стадия Р)
A6: № | B6: Наименование | C6: Характеристика | D6: Ед. изм. | E6: Норма расхода | F6: Толщина, (мм) | G6: секция 1 | H6: секция 2 | I6: Кол-во | J6: Цена за ед. | K6: Сумма | L6: Примечание | M6: Форма закупа материала
A7: 03 | B7: Каркас
A8: 03.02. | B8: Устройство заполнения стен
A9: 03.02.01. | B9: Кладка наружных и внутренних стен из блока толщ. 250мм,190мм,90мм, кладка стен из кирпича, монтаж перемычек, кладка вентканалов
A10: 03.02.01.01. | B10: 1 этаж | K10: =K11+K22 -> 0
B11: Работа: | K11: =SUM(K12:K20) -> 0
B12: Кладка стен из керамзитобетонного блока толщ. 250 мм армированных | D12: м3 | G12: 37.53 | H12: 53.56 | I12: =SUM(G12:H12) -> 91.09 | J12: =VLOOKUP(B12,работы!$B$5:$F$19,4,0) -> 0 | K12: =I12*J12 -> 0
B13: Кладка под окна из керамического полнотелого кирпича | D13: м3 | G13: 0.23 | H13: 0.39 | I13: =SUM(G13:H13) -> 0.62 | J13: =VLOOKUP(B13,работы!$B$5:$F$19,4,0) -> 0 | K13: =I13*J13 -> 0
B14: Кладка перегородок из керамзитобетонного блока пустотелого толщ. 190 мм армированных | D14: м2 | G14: 164.4 | H14: 341.36 | I14: =SUM(G14:H14) -> 505.76 | J14: =VLOOKUP(B14,работы!$B$5:$F$19,4,0) -> 0 | K14: =I14*J14 -> 0
B15: Кладка перегородок из керамзитобетонного блока полнотелого толщ. 190 мм армированных | D15: м2 | G15: 68.19 | H15: 89.41 | I15: =SUM(G15:H15) -> 157.6 | J15: =VLOOKUP(B15,работы!$B$5:$F$19,4,0) -> 0 | K15: =I15*J15 -> 0
B16: Кладка перегородок из кирпича армированных | D16: м2 | G16: 151.56 | H16: 264.14 | I16: =SUM(G16:H16) -> 415.7 | J16: =VLOOKUP(B16,работы!$B$5:$F$19,4,0) -> 0 | K16: =I16*J16 -> 0
B17: Монтаж перемычек керамзитобетонных и ж/б | D17: шт | G17: 51 | H17: 73 | I17: =SUM(G17:H17) -> 124 | J17: =VLOOKUP(B17,работы!$B$5:$F$19,4,0) -> 0 | K17: =I17*J17 -> 0
B18: Монтаж и изготовление металлических элементов | C18: перемычки из уголка, металлические стойки | D18: кг | G18: =17.04+42+2.45 -> 61.49 | H18: =39.59+49.03+2.45 -> 91.07 | I18: =SUM(G18:H18) -> 152.56 | J18: =VLOOKUP(B18,работы!$B$5:$F$19,4,0) -> 0 | K18: =I18*J18 -> 0
B19: Устройство перемычек из стержней арматуры (3-4 стержня на проем, в зависимости от толщины кладки) | D19: кг | G19: 0.83 | H19: 11.09 | I19: =SUM(G19:H19) -> 11.92 | J19: =VLOOKUP(B19,работы!$B$5:$F$19,4,0) -> 0 | K19: =I19*J19 -> 0
B20: Устройство деформационного шва | D20: м2 | G20: =10.43*4.07 -> 42.4501 | I20: =SUM(G20:H20) -> 42.4501 | J20: =VLOOKUP(B20,работы!$B$5:$F$19,4,0) -> 0 | K20: =I20*J20 -> 0
B21: Зачеканка шва раствором | D21: м3 | G21: =167.05*0.06*0.03 -> 0.30069 | H21: =259.07*0.06*0.03 -> 0.466326 | I21: =SUM(G21:H21) -> 0.767016 | L21: для просчета объема раствора
B22: Материалы: | K22: =SUM(K23:K56) -> 0
B23: Блоки керамзитобетонные тип 1 | C23: толщ.250мм, пустотелые по прочности не ниже М35 | D23: шт. | E23: 12.4 | F23: 0.25 | G23: =G12/0.25*E23 -> 1861.488 | H23: =H12/0.25*E23 -> 2656.576 | I23: =SUM(G23:H23) -> 4518.064 | J23: =VLOOKUP(B23,материал!$B$5:$G$67,5,0) -> 0 | K23: =I23*J23 -> 0 | L23: на м2 | M23: =VLOOKUP(B23,материал!$B$5:$H$67,7,0) -> Давальческий материал
B24: Блоки керамзитобетонные тип 2 | C24: толщ.190мм, пустотелые по прочности не ниже М35 | D24: шт. | E24: 12.4 | G24: =G14*E24 -> 2038.56 | H24: =H14*E24 -> 4232.864 | I24: =SUM(G24:H24) -> 6271.424 | J24: =VLOOKUP(B24,материал!$B$5:$G$67,5,0) -> 0 | K24: =I24*J24 -> 0 | L24: на м2 | M24: =VLOOKUP(B24,материал!$B$5:$H$67,7,0) -> Давальческий материал
B25: Блоки керамзитобетонные тип 3 | C25: толщ.190мм, полнотелые по прочности не ниже М35 | D25: шт. | E25: 12.4 | G25: =G15*E25 -> 845.556 | H25: =H15*E25 -> 1108.684 | I25: =SUM(G25:H25) -> 1954.24 | J25: =VLOOKUP(B25,материал!$B$5:$G$67,5,0) -> 0 | K25: =I25*J25 -> 0 | L25: на м2 | M25: =VLOOKUP(B25,материал!$B$5:$H$67,7,0) -> Давальческий материал
B26: Кирпич керамический тип 1 | C26: полуторный М150 пустотелый | D26: шт. | E26: 42 | G26: =G16*E26 -> 6365.52 | H26: =H16*E26 -> 11093.88 | I26: =SUM(G26:H26) -> 17459.4 | J26: =VLOOKUP(B26,материал!$B$5:$G$67,5,0) -> 0 | K26: =I26*J26 -> 0 | L26: расход, подтвержденный актом о фактическом расходе материала | M26: =VLOOKUP(B26,материал!$B$5:$H$67,7,0) -> Давальческий материал
B27: Раствор тип 1 На кладку блок | C27: М75 | D27: м3 | E27: 0.195 | G27: =G12*E27+G14*E27*0.19+G15*E27*0.19 -> 15.93581 | H27: =H12*E27+H14*E27*0.19+H15*E27*0.19 -> 26.404229 | I27: =SUM(G27:H27) -> 42.340038 | J27: =VLOOKUP(B27,материал!$B$5:$G$67,5,0) -> 0 | K27: =I27*J27 -> 0 | L27: на м3 | M27: =VLOOKUP(B27,материал!$B$5:$H$67,7,0) -> Закуп подярдчика
B28: Раствор тип 1 На кладку кирпич (под окна и вентканалы кровли) | C28: М75 | D28: м3 | E28: 0.24 | G28: =G13*E28 -> 0.0552 | H28: =H13*E28 -> 0.0936 | I28: =SUM(G28:H28) -> 0.1488 | J28: =VLOOKUP(B28,материал!$B$5:$G$67,5,0) -> 0 | K28: =I28*J28 -> 0 | L28: на м3 | M28: =VLOOKUP(B28,материал!$B$5:$H$67,7,0) -> Закуп подярдчика
B29: Раствор тип 1 На кладку кирпич (перегородки) | C29: М75 | D29: м3 | E29: 0.046 | G29: =G16*E29 -> 6.97176 | H29: =H16*E29 -> 12.15044 | I29: =SUM(G29:H29) -> 19.1222 | J29: =VLOOKUP(B29,материал!$B$5:$G$67,5,0) -> 0 | K29: =I29*J29 -> 0 | L29: на м2, расход, подтвержденный актом о фактическом расходе материала | M29: =VLOOKUP(B29,материал!$B$5:$H$67,7,0) -> Закуп подярдчика
B30: Раствор тип 1 На заполнение швов | C30: М75 | D30: м3 | E30: 1.01 | G30: =G21*E30 -> 0.3036969 | H30: =H21*E30 -> 0.47098926 | I30: =SUM(G30:H30) -> 0.77468616 | J30: =VLOOKUP(B30,материал!$B$5:$G$67,5,0) -> 0 | K30: =I30*J30 -> 0 | L30: на м3 | M30: =VLOOKUP(B30,материал!$B$5:$H$67,7,0) -> Закуп подярдчика
B31: Раствор тип 1 На перемычки керамзитобетонных и ж/б | C31: М75 | D31: м3 | E31: 0.006 | G31: =G18*E31 -> 0.36894 | H31: =H18*E31 -> 0.54642 | I31: =SUM(G31:H31) -> 0.91536 | J31: =VLOOKUP(B31,материал!$B$5:$G$67,5,0) -> 0 | K31: =I31*J31 -> 0 | L31: увеличили норму из-за замены перемычек на широкие | M31: =VLOOKUP(B31,материал!$B$5:$H$67,7,0) -> Закуп подярдчика
B32: Раствор тип 1 На перемычки из стержней арматуру | C32: М75 | D32: м3 | E32: 1.01 | G32: 0.001 | H32: 0.021 | I32: =SUM(G32:H32) -> 0.022 | J32: =VLOOKUP(B32,материал!$B$5:$G$67,5,0) -> 0 | K32: =I32*J32 -> 0 | M32: =VLOOKUP(B32,материал!$B$5:$H$67,7,0) -> Закуп подярдчика
B33: Сетка кладочная | C33: Ø3 Вр-1 яч. 50х50 по ТУ2 | D33: м2 | G33: 273.75 | H33: 441.03 | I33: =SUM(G33:H33) -> 714.78 | J33: =VLOOKUP(B33,материал!$B$5:$G$67,5,0) -> 0 | K33: =I33*J33 -> 0 | M33: =VLOOKUP(B33,материал!$B$5:$H$67,7,0) -> Закуп подярдчика
B34: Перемычка тип 1 | C34: ПБК-19.9.12-8 | D34: шт. | H34: 2 | I34: =SUM(G34:H34) -> 2 | J34: =VLOOKUP(B34,материал!$B$5:$G$67,5,0) -> 0 | K34: =I34*J34 -> 0 | M34: =VLOOKUP(B34,материал!$B$5:$H$67,7,0) -> Закуп подярдчика
B35: Перемычка тип 2 | C35: ПБК-19.9.14-8 | D35: шт. | H35: 4 | I35: =SUM(G35:H35) -> 4 | J35: =VLOOKUP(B35,материал!$B$5:$G$67,5,0) -> 0 | K35: =I35*J35 -> 0 | M35: =VLOOKUP(B35,материал!$B$5:$H$67,7,0) -> Закуп подярдчика
B36: Перемычка тип 3 | C36: ПБК-19.12.12-8 | D36: шт. | H36: 3 | I36: =SUM(G36:H36) -> 3 | J36: =VLOOKUP(B36,материал!$B$5:$G$67,5,0) -> 0 | K36: =I36*J36 -> 0 | M36: =VLOOKUP(B36,материал!$B$5:$H$67,7,0) -> Закуп подярдчика
B37: Перемычка тип 4 | C37: ПБК-19.12.14-8 | D37: шт. | G37: 9 | H37: 12 | I37: =SUM(G37:H37) -> 21 | J37: =VLOOKUP(B37,материал!$B$5:$G$67,5,0) -> 0 | K37: =I37*J37 -> 0 | M37: =VLOOKUP(B37,материал!$B$5:$H$67,7,0) -> Закуп подярдчика
B38: Перемычка тип 5 | C38: ПБК-19.12.16-8 | D38: шт. | G38: 3 | I38: =SUM(G38:H38) -> 3 | J38: =VLOOKUP(B38,материал!$B$5:$G$67,5,0) -> 0 | K38: =I38*J38 -> 0 | M38: =VLOOKUP(B38,материал!$B$5:$H$67,7,0) -> Закуп подярдчика
B39: Перемычка тип 6 | C39: ПБК-19.12.18-8 | D39: шт. | H39: 1 | I39: =SUM(G39:H39) -> 1 | J39: =VLOOKUP(B39,материал!$B$5:$G$67,5,0) -> 0 | K39: =I39*J39 -> 0 | M39: =VLOOKUP(B39,материал!$B$5:$H$67,7,0) -> Закуп подярдчика
B40: Перемычка тип 7 | C40: ПБК-19.12.20-8 | D40: шт. | G40: 3 | H40: 6 | I40: =SUM(G40:H40) -> 9 | J40: =VLOOKUP(B40,материал!$B$5:$G$67,5,0) -> 0 | K40: =I40*J40 -> 0 | M40: =VLOOKUP(B40,материал!$B$5:$H$67,7,0) -> Закуп подярдчика
B41: Перемычка тип 8 | C41: ПБК-19.12.22-8 | D41: шт. | G41: 16 | H41: 32 | I41: =SUM(G41:H41) -> 48 | J41: =VLOOKUP(B41,материал!$B$5:$G$67,5,0) -> 0 | K41: =I41*J41 -> 0 | M41: =VLOOKUP(B41,материал!$B$5:$H$67,7,0) -> Закуп подярдчика
B42: Перемычка тип 9 | C42: ПБК-19.12.26-8 | D42: шт. | G42: 8 | H42: 5 | I42: =SUM(G42:H42) -> 13 | J42: =VLOOKUP(B42,материал!$B$5:$G$67,5,0) -> 0 | K42: =I42*J42 -> 0 | M42: =VLOOKUP(B42,материал!$B$5:$H$67,7,0) -> Закуп подярдчика
B43: Перемычка тип 10 | C43: ПБК-19.12.28-8 | D43: шт. | H43: 4 | I43: =SUM(G43:H43) -> 4 | J43: =VLOOKUP(B43,материал!$B$5:$G$67,5,0) -> 0 | K43: =I43*J43 -> 0 | M43: =VLOOKUP(B43,материал!$B$5:$H$67,7,0) -> Закуп подярдчика
B44: Перемычка тип 11 | C44: ПБК-19.12.32-8 | D44: шт. | G44: 4 | I44: =SUM(G44:H44) -> 4 | J44: =VLOOKUP(B44,материал!$B$5:$G$67,5,0) -> 0 | K44: =I44*J44 -> 0 | M44: =VLOOKUP(B44,материал!$B$5:$H$67,7,0) -> Закуп подярдчика
B45: Перемычка тип 12 | C45: ПБК-19.12.34-8 | D45: шт. | G45: 2 | H45: 4 | I45: =SUM(G45:H45) -> 6 | J45: =VLOOKUP(B45,материал!$B$5:$G$67,5,0) -> 0 | K45: =I45*J45 -> 0 | M45: =VLOOKUP(B45,материал!$B$5:$H$67,7,0) -> Закуп подярдчика
B46: Перемычка тип 13 | C46: ПБК-19.12.38-8 | D46: шт. | G46: 4 | I46: =SUM(G46:H46) -> 4 | J46: =VLOOKUP(B46,материал!$B$5:$G$67,5,0) -> 0 | K46: =I46*J46 -> 0 | M46: =VLOOKUP(B46,материал!$B$5:$H$67,7,0) -> Закуп подярдчика
B47: Перемычка тип 14 | C47: ПБК-19.19.14-37 | D47: шт. | G47: 1 | I47: =SUM(G47:H47) -> 1 | J47: =VLOOKUP(B47,материал!$B$5:$G$67,5,0) -> 0 | K47: =I47*J47 -> 0 | M47: =VLOOKUP(B47,материал!$B$5:$H$67,7,0) -> Закуп подярдчика
B48: Перемычка тип 15 | C48: ПБК-19.19.16-37 | D48: шт. | G48: 1 | I48: =SUM(G48:H48) -> 1 | J48: =VLOOKUP(B48,материал!$B$5:$G$67,5,0) -> 0 | K48: =I48*J48 -> 0 | M48: =VLOOKUP(B48,материал!$B$5:$H$67,7,0) -> Закуп подярдчика
B49: Арматура тип 1 | C49: Ø8 А240 | D49: кг | E49: 1.04 | G49: =109.5*E49 -> 113.88 | H49: =185.5*E49 -> 192.92 | I49: =SUM(G49:H49) -> 306.8 | J49: =VLOOKUP(B49,материал!$B$5:$G$67,5,0) -> 0 | K49: =I49*J49 -> 0 | M49: =VLOOKUP(B49,материал!$B$5:$H$67,7,0) -> Закуп подярдчика
B50: Арматура тип 2 | C50: Ø10 А500С | D50: кг | E50: 1.04 | G50: =G19*E50 -> 0.8632 | H50: =H19*E50 -> 11.5336 | I50: =SUM(G50:H50) -> 12.3968 | J50: =VLOOKUP(B50,материал!$B$5:$G$67,5,0) -> 0 | K50: =I50*J50 -> 0 | M50: =VLOOKUP(B50,материал!$B$5:$H$67,7,0) -> Закуп подярдчика
B51: Уголок L110х8 | C51: - | D51: кг | E51: 1.04 | G51: =11.91*E51 -> 12.3864 | H51: =21.17*E51 -> 22.0168 | I51: =SUM(G51:H51) -> 34.4032 | J51: =VLOOKUP(B51,материал!$B$5:$G$67,5,0) -> 0 | K51: =I51*J51 -> 0 | M51: =VLOOKUP(B51,материал!$B$5:$H$67,7,0) -> Закуп подярдчика
B52: Уголок L125х8 | C52: - | D52: кг | E52: 1.04 | G52: =E52*5.13 -> 5.3352 | H52: =E52*18.42 -> 19.1568 | I52: =SUM(G52:H52) -> 24.492 | J52: =VLOOKUP(B52,материал!$B$5:$G$67,5,0) -> 0 | K52: =I52*J52 -> 0 | M52: =VLOOKUP(B52,материал!$B$5:$H$67,7,0) -> Закуп подярдчика
B53: Труба 100*100*4 | C53: СТ-1, СТ-2 | D53: кг | E53: 1.04 | G53: =42*E53 -> 43.68 | H53: =49.03*E53 -> 50.9912 | I53: =SUM(G53:H53) -> 94.6712 | J53: =VLOOKUP(B53,материал!$B$5:$G$67,5,0) -> 0 | K53: =I53*J53 -> 0 | M53: =VLOOKUP(B53,материал!$B$5:$H$67,7,0) -> Закуп подярдчика
B54: Лист 4мм | C54: СТ-1, СТ-3 | D54: кг | E54: 1.04 | G54: =E54*2.45 -> 2.548 | H54: =E54*2.45 -> 2.548 | I54: =SUM(G54:H54) -> 5.096 | J54: =VLOOKUP(B54,материал!$B$5:$G$67,5,0) -> 0 | K54: =I54*J54 -> 0 | M54: =VLOOKUP(B54,материал!$B$5:$H$67,7,0) -> Закуп подярдчика
B55: Минераловатная плита тип 1 | C55: 1200*600*50 мм, плотность не ниже 50 кг/м3 | D55: м3 | E55: 1.04 | G55: =G20*0.05*E55 -> 2.2074052 | H55: =H20*0.05*E55 -> 0 | I55: =SUM(G55:H55) -> 2.2074052 | J55: =VLOOKUP(B55,материал!$B$5:$G$67,5,0) -> 0 | K55: =I55*J55 -> 0 | M55: =VLOOKUP(B55,материал!$B$5:$H$67,7,0) -> Закуп подярдчика
B56: Прочие материалы (Грунт ГФ-021, Пена монтажная противопожарная, Болт БСР 120х12) | C56: - | D56: % | I56: =SUMIF(материал!$B$5:$G$67,B56,материал!$E$5:$E$67) -> 0 | K56: =SUM(K23:K55)*I56% -> 0 | M56: =VLOOKUP(B56,материал!$B$5:$H$67,7,0) -> Закуп подярдчика
A57: 03.02.01.02. | B57: 2 этаж | K57: =K58+K71 -> 0
B58: Работа: | K58: =SUM(K59:K69) -> 0
B59: Кладка стен из керамзитобетонного блока толщ. 250 мм армированных | D59: м3 | G59: 26.31 | H59: 34.98 | I59: =SUM(G59:H59) -> 61.29 | J59: =VLOOKUP(B59,работы!$B$5:$F$19,4,0) -> 0 | K59: =I59*J59 -> 0
B60: Кладка под окна из керамического полнотелого кирпича | D60: м3 | G60: 1.72 | H60: 2.6 | I60: =SUM(G60:H60) -> 4.32 | J60: =VLOOKUP(B60,работы!$B$5:$F$19,4,0) -> 0 | K60: =I60*J60 -> 0
B61: Кладка перегородок из керамзитобетонного блока пустотелого толщ. 190 мм армированных | D61: м2 | G61: 102.26 | H61: 178.68 | I61: =SUM(G61:H61) -> 280.94 | J61: =VLOOKUP(B61,работы!$B$5:$F$19,4,0) -> 0 | K61: =I61*J61 -> 0
B62: Кладка перегородок из керамзитобетонного блока полнотелого толщ. 190 мм армированных | D62: м2 | G62: 53.68 | H62: 110.37 | I62: =SUM(G62:H62) -> 164.05 | J62: =VLOOKUP(B62,работы!$B$5:$F$19,4,0) -> 0 | K62: =I62*J62 -> 0
B63: Кладка перегородок из керамзитобетонного блока пустотелого толщ. 90 мм армированных | D63: м2 | G63: 114.29 | H63: 184.88 | I63: =SUM(G63:H63) -> 299.17 | J63: =VLOOKUP(B63,работы!$B$5:$F$19,4,0) -> 0 | K63: =I63*J63 -> 0
B64: Кладка перегородок из керамзитобетонного блока полнотелого толщ. 90 мм армированных | D64: м2 | G64: 133.18 | H64: 189.83 | I64: =SUM(G64:H64) -> 323.01 | J64: =VLOOKUP(B64,работы!$B$5:$F$19,4,0) -> 0 | K64: =I64*J64 -> 0
B65: Кладка перегородок из кирпича армированных | D65: м2 | G65: 52.46 | H65: 38.6 | I65: =SUM(G65:H65) -> 91.06 | J65: =VLOOKUP(B65,работы!$B$5:$F$19,4,0) -> 0 | K65: =I65*J65 -> 0
B66: Монтаж перемычек керамзитобетонных и ж/б | D66: шт | G66: 71 | H66: 94 | I66: =SUM(G66:H66) -> 165 | J66: =VLOOKUP(B66,работы!$B$5:$F$19,4,0) -> 0 | K66: =I66*J66 -> 0
B67: Монтаж и изготовление металлических элементов | C67: перемычки из уголка, крепление балконов | D67: кг | G67: 99.09 | H67: 79.66 | I67: =SUM(G67:H67) -> 178.75 | J67: =VLOOKUP(B67,работы!$B$5:$F$19,4,0) -> 0 | K67: =I67*J67 -> 0
B68: Устройство перемычек из стержней арматуры (3-4 стержня на проем, в зависимости от толщины кладки) | D68: кг | G68: 31.05 | H68: 44.59 | I68: =SUM(G68:H68) -> 75.64 | J68: =VLOOKUP(B68,работы!$B$5:$F$19,4,0) -> 0 | K68: =I68*J68 -> 0
B69: Устройство деформационного шва | D69: м2 | G69: =11.4*2.82 -> 32.148 | I69: =SUM(G69:H69) -> 32.148 | J69: =VLOOKUP(B69,работы!$B$5:$F$19,4,0) -> 0 | K69: =I69*J69 -> 0
B70: Зачеканка шва раствором | D70: м3 | G70: =255.08*0.06*0.03 -> 0.459144 | H70: =366.31*0.06*0.03 -> 0.659358 | I70: =SUM(G70:H70) -> 1.118502 | L70: для просчета объема раствора
B71: Материалы: | K71: =SUM(K72:K106) -> 0
B72: Блоки керамзитобетонные тип 1 | C72: толщ.250мм, пустотелые по прочности не ниже М35 | D72: шт. | E72: 12.4 | F72: 0.25 | G72: =G59/F72*E72 -> 1304.976 | H72: =H59/F72*E72 -> 1735.008 | I72: =SUM(G72:H72) -> 3039.984 | J72: =VLOOKUP(B72,материал!$B$5:$G$67,5,0) -> 0 | K72: =I72*J72 -> 0 | L72: на м2 | M72: =VLOOKUP(B72,материал!$B$5:$H$67,7,0) -> Давальческий материал
B73: Блоки керамзитобетонные тип 2 | C73: толщ.190мм, пустотелые по прочности не ниже М35 | D73: шт. | E73: 12.4 | G73: =G61*E73 -> 1268.024 | H73: =H61*E73 -> 2215.632 | I73: =SUM(G73:H73) -> 3483.656 | J73: =VLOOKUP(B73,материал!$B$5:$G$67,5,0) -> 0 | K73: =I73*J73 -> 0 | L73: на м2 | M73: =VLOOKUP(B73,материал!$B$5:$H$67,7,0) -> Давальческий материал
B74: Блоки керамзитобетонные тип 3 | C74: толщ.190мм, полнотелые по прочности не ниже М35 | D74: шт. | E74: 12.4 | G74: =G62*E74 -> 665.632 | H74: =H62*E74 -> 1368.588 | I74: =SUM(G74:H74) -> 2034.22 | J74: =VLOOKUP(B74,материал!$B$5:$G$67,5,0) -> 0 | K74: =I74*J74 -> 0 | L74: на м2 | M74: =VLOOKUP(B74,материал!$B$5:$H$67,7,0) -> Давальческий материал
B75: Блоки керамзитобетонные тип 4 | C75: толщ.90мм, пустотелые по прочности не ниже М35 | D75: шт. | E75: 12.4 | G75: =G63*E75 -> 1417.196 | H75: =H63*E75 -> 2292.512 | I75: =SUM(G75:H75) -> 3709.708 | J75: =VLOOKUP(B75,материал!$B$5:$G$67,5,0) -> 0 | K75: =I75*J75 -> 0 | L75: на м2 | M75: =VLOOKUP(B75,материал!$B$5:$H$67,7,0) -> Давальческий материал
B76: Блоки керамзитобетонные тип 5 | C76: толщ.90мм, полнотелые по прочности не ниже М35 | D76: шт. | E76: 12.4 | G76: =G64*E76 -> 1651.432 | H76: =H64*E76 -> 2353.892 | I76: =SUM(G76:H76) -> 4005.324 | J76: =VLOOKUP(B76,материал!$B$5:$G$67,5,0) -> 0 | K76: =I76*J76 -> 0 | L76: на м2 | M76: =VLOOKUP(B76,материал!$B$5:$H$67,7,0) -> Давальческий материал
B77: Кирпич керамический тип 1 | C77: полуторный М150 пустотелый | D77: шт. | E77: 42 | G77: =G65*E77 -> 2203.32 | H77: =H65*E77 -> 1621.2 | I77: =SUM(G77:H77) -> 3824.52 | J77: =VLOOKUP(B77,материал!$B$5:$G$67,5,0) -> 0 | K77: =I77*J77 -> 0 | L77: расход, подтвержденный актом о фактическом расходе материала | M77: =VLOOKUP(B77,материал!$B$5:$H$67,7,0) -> Давальческий материал
B78: Кирпич керамический тип 2 | C78: полуторный М150 полнотелый | D78: шт. | E78: 42 | G78: =G60/0.25*E78 -> 288.96 | H78: =H60/0.25*E78 -> 436.8 | I78: =SUM(G78:H78) -> 725.76 | J78: =VLOOKUP(B78,материал!$B$5:$G$67,5,0) -> 0 | K78: =I78*J78 -> 0 | L78: расход, подтвержденный актом о фактическом расходе материала | M78: =VLOOKUP(B78,материал!$B$5:$H$67,7,0) -> Давальческий материал
B79: Раствор тип 1 На кладку блок | C79: М75 | D79: м3 | E79: 0.195 | G79: =G59*E79+G61*E79*0.19+G62*E79*0.19+G63*E79*0.09+G64*E79*0.09 -> 15.251126 | H79: =H59*E79+H61*E79*0.19+H62*E79*0.19+H63*E79*0.09+H64*E79*0.09 -> 24.106563 | I79: =SUM(G79:H79) -> 39.357689 | J79: =VLOOKUP(B79,материал!$B$5:$G$67,5,0) -> 0 | K79: =I79*J79 -> 0 | L79: на м3 | M79: =VLOOKUP(B79,материал!$B$5:$H$67,7,0) -> Закуп подярдчика
B80: Раствор тип 1 На кладку кирпич (под окна и вентканалы кровли) | C80: М75 | D80: м3 | E80: 0.24 | G80: =G60*E80 -> 0.4128 | H80: =H60*E80 -> 0.624 | I80: =SUM(G80:H80) -> 1.0368 | J80: =VLOOKUP(B80,материал!$B$5:$G$67,5,0) -> 0 | K80: =I80*J80 -> 0 | L80: на м3 | M80: =VLOOKUP(B80,материал!$B$5:$H$67,7,0) -> Закуп подярдчика
B81: Раствор тип 1 На кладку кирпич (перегородки) | C81: М75 | D81: м3 | E81: 0.046 | G81: =G65*E81 -> 2.41316 | H81: =H65*E81 -> 1.7756 | I81: =SUM(G81:H81) -> 4.18876 | J81: =VLOOKUP(B81,материал!$B$5:$G$67,5,0) -> 0 | K81: =I81*J81 -> 0 | L81: на м2, расход, подтвержденный актом о фактическом расходе материала | M81: =VLOOKUP(B81,материал!$B$5:$H$67,7,0) -> Закуп подярдчика
B82: Раствор тип 1 На заполнение швов | C82: М75 | D82: м3 | E82: 1.01 | G82: =G70*E82 -> 0.46373544 | H82: =H70*E82 -> 0.66595158 | I82: =SUM(G82:H82) -> 1.129687 | J82: =VLOOKUP(B82,материал!$B$5:$G$67,5,0) -> 0 | K82: =I82*J82 -> 0 | L82: на м3 | M82: =VLOOKUP(B82,материал!$B$5:$H$67,7,0) -> Закуп подярдчика
B83: Раствор тип 1 На перемычки керамзитобетонных и ж/б | C83: М75 | D83: м3 | E83: 0.006 | G83: =G66*E83 -> 0.426 | H83: =H66*E83 -> 0.564 | I83: =SUM(G83:H83) -> 0.99 | J83: =VLOOKUP(B83,материал!$B$5:$G$67,5,0) -> 0 | K83: =I83*J83 -> 0 | L83: увеличили норму из-за замены перемычек на широкие | M83: =VLOOKUP(B83,материал!$B$5:$H$67,7,0) -> Закуп подярдчика
B84: Раствор тип 1 На перемычки из стержней арматуру | C84: М75 | D84: м3 | E84: 1.01 | G84: 0.054 | H84: 0.087 | I84: =SUM(G84:H84) -> 0.141 | J84: =VLOOKUP(B84,материал!$B$5:$G$67,5,0) -> 0 | K84: =I84*J84 -> 0 | M84: =VLOOKUP(B84,материал!$B$5:$H$67,7,0) -> Закуп подярдчика
B85: Сетка кладочная | C85: Ø3 Вр-1 яч. 50х50 по ТУ2 | D85: м2 | G85: 153.38 | H85: 226.65 | I85: =SUM(G85:H85) -> 380.03 | J85: =VLOOKUP(B85,материал!$B$5:$G$67,5,0) -> 0 | K85: =I85*J85 -> 0 | M85: =VLOOKUP(B85,материал!$B$5:$H$67,7,0) -> Закуп подярдчика
B86: Перемычка тип 16 | C86: Перемычка полистиролбетонная D500 19.9.12-8 | D86: шт. | G86: 18 | H86: 14 | I86: =SUM(G86:H86) -> 32 | J86: =VLOOKUP(B86,материал!$B$5:$G$67,5,0) -> 0 | K86: =I86*J86 -> 0 | M86: =VLOOKUP(B86,материал!$B$5:$H$67,7,0) -> Закуп подярдчика
B87: Перемычка тип 17 | C87: Перемычка полистиролбетонная D500 19.9.14-8 | D87: шт. | G87: 1 | H87: 10 | I87: =SUM(G87:H87) -> 11 | J87: =VLOOKUP(B87,материал!$B$5:$G$67,5,0) -> 0 | K87: =I87*J87 -> 0 | M87: =VLOOKUP(B87,материал!$B$5:$H$67,7,0) -> Закуп подярдчика
B88: Перемычка тип 18 | C88: Перемычка полистиролбетонная D500 19.12.12-8 | D88: шт. | H88: 4 | I88: =SUM(G88:H88) -> 4 | J88: =VLOOKUP(B88,материал!$B$5:$G$67,5,0) -> 0 | K88: =I88*J88 -> 0 | M88: =VLOOKUP(B88,материал!$B$5:$H$67,7,0) -> Закуп подярдчика
B89: Перемычка тип 19 | C89: Перемычка полистиролбетонная D500 19.12.14-8 | D89: шт. | G89: 9 | H89: 4 | I89: =SUM(G89:H89) -> 13 | J89: =VLOOKUP(B89,материал!$B$5:$G$67,5,0) -> 0 | K89: =I89*J89 -> 0 | M89: =VLOOKUP(B89,материал!$B$5:$H$67,7,0) -> Закуп подярдчика
B90: Перемычка тип 20 | C90: Перемычка полистиролбетонная D500 19.12.16-8 | D90: шт. | G90: 1 | H90: 1 | I90: =SUM(G90:H90) -> 2 | J90: =VLOOKUP(B90,материал!$B$5:$G$67,5,0) -> 0 | K90: =I90*J90 -> 0 | M90: =VLOOKUP(B90,материал!$B$5:$H$67,7,0) -> Закуп подярдчика
B91: Перемычка тип 21 | C91: Перемычка полистиролбетонная D500 19.12.18-8 | D91: шт. | G91: 1 | H91: 1 | I91: =SUM(G91:H91) -> 2 | J91: =VLOOKUP(B91,материал!$B$5:$G$67,5,0) -> 0 | K91: =I91*J91 -> 0 | M91: =VLOOKUP(B91,материал!$B$5:$H$67,7,0) -> Закуп подярдчика
B92: Перемычка тип 22 | C92: Перемычка полистиролбетонная D500 19.12.20-8 | D92: шт. | G92: 6 | H92: 4 | I92: =SUM(G92:H92) -> 10 | J92: =VLOOKUP(B92,материал!$B$5:$G$67,5,0) -> 0 | K92: =I92*J92 -> 0 | M92: =VLOOKUP(B92,материал!$B$5:$H$67,7,0) -> Закуп подярдчика
B93: Перемычка тип 23 | C93: Перемычка полистиролбетонная D500 19.12.22-8 | D93: шт. | G93: 20 | H93: 26 | I93: =SUM(G93:H93) -> 46 | J93: =VLOOKUP(B93,материал!$B$5:$G$67,5,0) -> 0 | K93: =I93*J93 -> 0 | M93: =VLOOKUP(B93,материал!$B$5:$H$67,7,0) -> Закуп подярдчика
B94: Перемычка тип 24 | C94: Перемычка полистиролбетонная D500 19.12.26-8 | D94: шт. | G94: 2 | H94: 18 | I94: =SUM(G94:H94) -> 20 | J94: =VLOOKUP(B94,материал!$B$5:$G$67,5,0) -> 0 | K94: =I94*J94 -> 0 | M94: =VLOOKUP(B94,материал!$B$5:$H$67,7,0) -> Закуп подярдчика
B95: Перемычка тип 25 | C95: Перемычка полистиролбетонная D500 19.12.28-8 | D95: шт. | G95: 4 | I95: =SUM(G95:H95) -> 4 | J95: =VLOOKUP(B95,материал!$B$5:$G$67,5,0) -> 0 | K95: =I95*J95 -> 0 | M95: =VLOOKUP(B95,материал!$B$5:$H$67,7,0) -> Закуп подярдчика
B96: Перемычка тип 26 | C96: Перемычка полистиролбетонная D500 19.12.32-8 | D96: шт. | G96: 4 | I96: =SUM(G96:H96) -> 4 | J96: =VLOOKUP(B96,материал!$B$5:$G$67,5,0) -> 0 | K96: =I96*J96 -> 0 | M96: =VLOOKUP(B96,материал!$B$5:$H$67,7,0) -> Закуп подярдчика
B97: Перемычка тип 27 | C97: Перемычка полистиролбетонная D500 19.19.12-8 | D97: шт. | G97: 1 | H97: 2 | I97: =SUM(G97:H97) -> 3 | J97: =VLOOKUP(B97,материал!$B$5:$G$67,5,0) -> 0 | K97: =I97*J97 -> 0 | M97: =VLOOKUP(B97,материал!$B$5:$H$67,7,0) -> Закуп подярдчика
B98: Перемычка тип 28 | C98: Перемычка полистиролбетонная D500 19.19.14-8 | D98: шт. | G98: 4 | H98: 10 | I98: =SUM(G98:H98) -> 14 | J98: =VLOOKUP(B98,материал!$B$5:$G$67,5,0) -> 0 | K98: =I98*J98 -> 0 | M98: =VLOOKUP(B98,материал!$B$5:$H$67,7,0) -> Закуп подярдчика
B99: Арматура тип 1 | C99: Ø8 А240 | D99: кг | E99: 1.04 | G99: =127.56*E99 -> 132.6624 | H99: =180.66*E99 -> 187.8864 | I99: =SUM(G99:H99) -> 320.5488 | J99: =VLOOKUP(B99,материал!$B$5:$G$67,5,0) -> 0 | K99: =I99*J99 -> 0 | M99: =VLOOKUP(B99,материал!$B$5:$H$67,7,0) -> Закуп подярдчика
B100: Арматура тип 2 | C100: Ø10 А500С | D100: кг | E100: 1.04 | G100: =G68*E100 -> 32.292 | H100: =H68*E100 -> 46.3736 | I100: =SUM(G100:H100) -> 78.6656 | J100: =VLOOKUP(B100,материал!$B$5:$G$67,5,0) -> 0 | K100: =I100*J100 -> 0 | M100: =VLOOKUP(B100,материал!$B$5:$H$67,7,0) -> Закуп подярдчика
B101: Уголок L50х5 | C101: - | D101: кг | E101: 1.04 | G101: =46.68*E101 -> 48.5472 | H101: =31.12*E101 -> 32.3648 | I101: =SUM(G101:H101) -> 80.912 | J101: =VLOOKUP(B101,материал!$B$5:$G$67,5,0) -> 0 | K101: =I101*J101 -> 0 | M101: =VLOOKUP(B101,материал!$B$5:$H$67,7,0) -> Закуп подярдчика
B102: Уголок L110х8 | C102: - | D102: кг | E102: 1.04 | G102: =25.93*E102 -> 26.9672 | H102: =E102*17.2 -> 17.888 | I102: =SUM(G102:H102) -> 44.8552 | J102: =VLOOKUP(B102,материал!$B$5:$G$67,5,0) -> 0 | K102: =I102*J102 -> 0 | M102: =VLOOKUP(B102,материал!$B$5:$H$67,7,0) -> Закуп подярдчика
...

Sheet работы
A2: Сводная ведомость объемов работ
A4: № | B4: Наименование | C4: Ед. изм. | D4: Кол-во | E4: Цена за ед. | F4: Сумма
A5: 03 | B5: Каркас
A6: 03.02. | B6: Устройство заполнения стен
B7: Кладка стен из керамзитобетонного блока толщ. 250 мм армированных | C7: м3 | D7: =SUMIF('ГП-107'!$B$7:$K$806,B7,'ГП-107'!$I$7:$I$806) -> 949.82191 | F7: =E7*D7 -> 0
B8: Кладка под окна из керамического полнотелого кирпича | C8: м3 | D8: =SUMIF('ГП-107'!$B$7:$K$806,B8,'ГП-107'!$I$7:$I$806) -> 61.23 | F8: =E8*D8 -> 0
B9: Кладка перегородок из керамзитобетонного блока пустотелого толщ. 190 мм армированных | C9: м2 | D9: =SUMIF('ГП-107'!$B$7:$K$806,B9,'ГП-107'!$I$7:$I$806) -> 4563.5064 | F9: =E9*D9 -> 0
B10: Кладка перегородок из керамзитобетонного блока полнотелого толщ. 190 мм армированных | C10: м2 | D10: =SUMIF('ГП-107'!$B$7:$K$806,B10,'ГП-107'!$I$7:$I$806) -> 2465.3421 | F10: =E10*D10 -> 0
B11: Кладка перегородок из кирпича армированных | C11: м2 | D11: =SUMIF('ГП-107'!$B$7:$K$806,B11,'ГП-107'!$I$7:$I$806) -> 1709.94 | F11: =E11*D11 -> 0
B12: Монтаж перемычек керамзитобетонных и ж/б | C12: шт | D12: =SUMIF('ГП-107'!$B$7:$K$806,B12,'ГП-107'!$I$7:$I$806) -> 2354 | F12: =E12*D12 -> 0
B13: Монтаж и изготовление металлических элементов | C13: кг | D13: =SUMIF('ГП-107'!$B$7:$K$806,B13,'ГП-107'!$I$7:$I$806) -> 2547.39 | F13: =E13*D13 -> 0
B14: Устройство перемычек из стержней арматуры (3-4 стержня на проем, в зависимости от толщины кладки) | C14: кг | D14: =SUMIF('ГП-107'!$B$7:$K$806,B14,'ГП-107'!$I$7:$I$806) -> 1101.99 | F14: =E14*D14 -> 0
B15: Устройство деформационного шва | C15: м2 | D15: =SUMIF('ГП-107'!$B$7:$K$806,B15,'ГП-107'!$I$7:$I$806) -> 441.9061 | F15: =E15*D15 -> 0
B16: Кладка перегородок из керамзитобетонного блока пустотелого толщ. 90 мм армированных | C16: м2 | D16: =SUMIF('ГП-107'!$B$7:$K$806,B16,'ГП-107'!$I$7:$I$806) -> 4346.87 | F16: =E16*D16 -> 0
B17: Кладка перегородок из керамзитобетонного блока полнотелого толщ. 90 мм армированных | C17: м2 | D17: =SUMIF('ГП-107'!$B$7:$K$806,B17,'ГП-107'!$I$7:$I$806) -> 4613.5494 | F17: =E17*D17 -> 0
B18: Кладка парапетов на кровле из кирпича армированных | C18: м3 | D18: =SUMIF('ГП-107'!$B$7:$K$806,B18,'ГП-107'!$I$7:$I$806) -> 109.57 | F18: =E18*D18 -> 0
B19: Кладка вентшахт на кровле из кирпича армированных | C19: м3 | D19: =SUMIF('ГП-107'!$B$7:$K$806,B19,'ГП-107'!$I$7:$I$806) -> 55.43 | F19: =E19*D19 -> 0
B20: в тч стоимость работ | F20: =SUM(F7:F19) -> 0
F21: =F20-'ГП-107'!K808 -> 0

Sheet материал
A2: Сводная ведомость объемов материала
A4: № | B4: Наименование | C4: Характеристика | D4: Ед. изм. | E4: Кол-во | F4: Цена за ед. | G4: Сумма | H4: Форма закупа материала
A5: 03 | B5: Каркас
A6: 03.02. | B6: Устройство заполнения стен
B7: Блоки керамзитобетонные тип 1 | C7: толщ.250мм, пустотелые по прочности не ниже М35 | D7: шт. | E7: =SUMIFS('ГП-107'!$I$7:$I$806,'ГП-107'!$B$7:$B$806,B7,'ГП-107'!$C$7:$C$806,C7) -> 47111.167 | G7: =E7*F7 -> 0 | H7: Давальческий материал
B8: Блоки керамзитобетонные тип 2 | C8: толщ.190мм, пустотелые по прочности не ниже М35 | D8: шт. | E8: =SUMIFS('ГП-107'!$I$7:$I$806,'ГП-107'!$B$7:$B$806,B8,'ГП-107'!$C$7:$C$806,C8) -> 56587.479 | G8: =E8*F8 -> 0 | H8: Давальческий материал
B9: Блоки керамзитобетонные тип 3 | C9: толщ.190мм, полнотелые по прочности не ниже М35 | D9: шт. | E9: =SUMIFS('ГП-107'!$I$7:$I$806,'ГП-107'!$B$7:$B$806,B9,'ГП-107'!$C$7:$C$806,C9) -> 30570.242 | G9: =E9*F9 -> 0 | H9: Давальческий материал
B10: Кирпич керамический тип 1 | C10: полуторный М150 пустотелый | D10: шт. | E10: =SUMIFS('ГП-107'!$I$7:$I$806,'ГП-107'!$B$7:$B$806,B10,'ГП-107'!$C$7:$C$806,C10) -> 71817.48 | G10: =E10*F10 -> 0 | H10: Давальческий материал
B11: Раствор тип 1 На кладку блок | C11: М75 | D11: м3 | E11: =SUMIFS('ГП-107'!$I$7:$I$806,'ГП-107'!$B$7:$B$806,B11,'ГП-107'!$C$7:$C$806,C11) -> 602.88947 | G11: =E11*F11 -> 0 | H11: Закуп подярдчика
B12: Раствор тип 1 На кладку кирпич (под окна и вентканалы кровли) | C12: М75 | D12: м3 | E12: =SUMIFS('ГП-107'!$I$7:$I$806,'ГП-107'!$B$7:$B$806,B12,'ГП-107'!$C$7:$C$806,C12) -> 54.2952 | G12: =E12*F12 -> 0 | H12: Закуп подярдчика
B13: Раствор тип 1 На кладку кирпич (перегородки) | C13: М75 | D13: м3 | E13: =SUMIFS('ГП-107'!$I$7:$I$806,'ГП-107'!$B$7:$B$806,B13,'ГП-107'!$C$7:$C$806,C13) -> 78.65724 | G13: =E13*F13 -> 0 | H13: Закуп подярдчика
B14: Раствор тип 1 На заполнение швов | C14: М75 | D14: м3 | E14: =SUMIFS('ГП-107'!$I$7:$I$806,'ГП-107'!$B$7:$B$806,B14,'ГП-107'!$C$7:$C$806,C14) -> 16.725073 | G14: =E14*F14 -> 0 | H14: Закуп подярдчика
B15: Раствор тип 1 На перемычки керамзитобетонных и ж/б | C15: М75 | D15: м3 | E15: =SUMIFS('ГП-107'!$I$7:$I$806,'ГП-107'!$B$7:$B$806,B15,'ГП-107'!$C$7:$C$806,C15) -> 14.29336 | G15: =E15*F15 -> 0 | H15: Закуп подярдчика
B16: Раствор тип 1 На перемычки из стержней арматуру | C16: М75 | D16: м3 | E16: =SUMIFS('ГП-107'!$I$7:$I$806,'ГП-107'!$B$7:$B$806,B16,'ГП-107'!$C$7:$C$806,C16) -> 2.037076 | G16: =E16*F16 -> 0 | H16: Закуп подярдчика
B17: Сетка кладочная | C17: Ø3 Вр-1 яч. 50х50 по ТУ2 | D17: м2 | E17: =SUMIFS('ГП-107'!$I$7:$I$806,'ГП-107'!$B$7:$B$806,B17,'ГП-107'!$C$7:$C$806,C17) -> 6498.5 | G17: =E17*F17 -> 0 | H17: Закуп подярдчика
B18: Перемычка тип 1 | C18: ПБК-19.9.12-8 | D18: шт. | E18: =SUMIFS('ГП-107'!$I$7:$I$806,'ГП-107'!$B$7:$B$806,B18,'ГП-107'!$C$7:$C$806,C18) -> 2 | G18: =E18*F18 -> 0 | H18: Закуп подярдчика
... B65: Перемычка тип 36 | C65: Перемычка полистиролбетонная D500 19.25.32-8 | D65: шт. | E65: =SUMIFS('ГП-107'!$I$7:$I$806,'ГП-107'!$B$7:$B$806,B65,'ГП-107'!$C$7:$C$806,C65) -> 2 | G65: =E65*F65 -> 0 | H65: Закуп подярдчика
B66: Прочие материалы (Грунт ГФ-021, Пена монтажная противопожарная, Болт БСР 120х12, Электроды ø3мм) | C66: - | D66: % | G66: =SUMIF('ГП-107'!$B$7:$K$806,B66,'ГП-107'!$K$7:$K$806) -> 0 | H66: Закуп подярдчика
B67: Прочие материалы (Грунт ГФ-021, Пена монтажная противопожарная, Болт БСР 120х12) | C67: - | D67: % | G67: =SUMIF('ГП-107'!$B$7:$K$806,B67,'ГП-107'!$K$7:$K$806) -> 0 | H67: Закуп подярдчика
B68: в тч стоимость материалов | G68: =SUM(G7:G67) -> 0
G70: =G68-'ГП-107'!K809 -> 0
